 Dungeon Crawl Stone Soup version 0.29-a0-529-gfa20dd96a1 (webtiles) character file.

Game seed: 4288745790173583640

1266 Strat the Basher (level 8, -1/66 HPs)
             Began as a Ghoul Gladiator on June 1, 2022.
             Was an Initiate of Ru.
             Slain by an orc
             ... wielding a +1 vorpal halberd
              (2 damage)
             ... on level 6 of the Dungeon.
             The game lasted 00:08:14 (6030 turns).

Strat the Basher (Ghoul Gladiator)                  Turns: 6030, Time: 00:08:15

Health: -1/66      AC: -5    Str: 18    XL:     8   Next: 52%
Magic:  7/7        EV: 12    Int:  5    God:    Ru [......]
Gold:   358        SH:  0    Dex: 10    Spells: 7/7 levels left

rFire   . . .      SeeInvis .   a - +0 flail
rCold   + + .      Faith    .   (no shield)
rNeg    + + +      Spirit   .   g - +2 leather armour {rPois}
rPois   ∞          Reflect  .   c - +0 helmet
rElec   .          Harm     .   h - +0 cloak
rCorr   .          Rampage  .   B - +1 pair of gloves
Will    .....                   I - +0 pair of boots
Stlth   +.........              (no amulet)
HPRegen 0.00/turn               i - ring of protection from cold
MPRegen 0.10/turn               (no ring)

@: corroded, inhibited regen
A: claws 1, cold resistance 1, negative energy resistance 3, inhibited
regeneration, torment resistance 2, devour on kill
a: Renounce Religion


You were on level 6 of the Dungeon.
You worshipped Ru.
Ru was noncommittal.
You visited 2 branches of the dungeon, and saw 8 of its levels.

You collected 358 gold pieces.

Inventory:

Hand Weapons
 a - a +0 flail (weapon)
 y - a +0 hunting sling
Missiles
 d - 2 throwing nets (quivered)
 e - a javelin
 f - 163 stones
Armour
 c - a +0 helmet (worn)
 g - a +2 leather armour of poison resistance (worn)
 h - a +0 cloak (worn)
 B - a +1 pair of gloves (worn)
 I - a +0 pair of boots (worn)
Jewellery
 i - a ring of protection from cold (left hand)
 F - a ring of magical power
Wands
 A - a wand of polymorph (1)
 C - a wand of flame (47)
Scrolls
 l - 4 scrolls of teleportation {unknown}
 m - 8 scrolls of identify {unknown}
 n - a scroll of torment {unknown}
 p - a scroll of fear {unknown}
 t - a scroll of immolation {unknown}
 v - a scroll of enchant armour {unknown}
 x - 4 scrolls of poison {unknown}
 z - a scroll of magic mapping {unknown}
 D - 2 scrolls of noise {unknown}
 E - a scroll of blinking {unknown}
Potions
 b - a potion of cancellation {unknown}
 j - 3 potions of brilliance {unknown}
 k - 5 potions of curing
 o - a potion of resistance {unknown}
 q - 3 potions of haste {unknown}
 r - a potion of heal wounds {unknown}
 s - a potion of flight {unknown}
 u - 2 potions of berserk rage {unknown}
 w - a potion of mutation {unknown}
 G - a potion of degeneration {unknown}
 H - a potion of attraction {unknown}


   Skills:
 - Level 4.0 Fighting
 + Level 8.6 Maces & Flails
 - Level 1.7 Throwing
 + Level 2.9 Armour
 - Level 2.6 Dodging


You had 7 spell levels left.
You didn't know any spells.
Your spell library contained the following spells:

 Spells                   Type           Power      Damage    Failure   Level
 Foxfire                  Conj/Fire      0%         2x1d4     54%         1
 Magic Dart               Conj           0%         1d3       54%         1
 Slow                     Hex            0%         N/A       54%         1
 Call Imp                 Summ           0%         N/A       67%         2
 Scorch                   Fire           0%         2d5       67%         2
 Confusing Touch          Hex            0%         N/A       88%         3
 Mephitic Cloud           Conj/Pois/Air  0%         N/A       88%         3
 Vampiric Draining        Necr           0%         2d6       88%         3
 Animate Armour           Summ/Erth      0%         N/A       99%         4
 Flame Wave               Conj/Fire      0%         2d4       99%         4
 Conjure Ball Lightning   Conj/Air       0%         3x3d6     100%        6
 Summon Cactus Giant      Summ           0%         N/A       100%        6


Dungeon Overview and Level Annotations

Branches:
Dungeon (7/15)             Temple (1/1) D:5

Altars:
Cheibriados
Gozag
Hepliaklqana
Kikubaaqudgha
Nemelex Xobeh
Okawaru
Qazlal
Ru
Uskayaw
Vehumet
Wu Jian
Yredelemnul
The Shining One

Shops:
D:4 [   D:6 [


Innate Abilities, Weirdness & Mutations

You are immune to poison.
You have sharp fingernails.
Your flesh is cold resistant. (rC+)
You are immune to negative energy. (rN+++)
You do not regenerate when monsters are visible.
You are immune to unholy pain and torment.
You thrive by killing the living.


Message History

The jelly barely misses you.
You thump the jelly! The acid corrodes you!
Your hands burn!
The jelly is almost dead.
The jelly closely misses you. The orc barely misses you.
You hit the jelly but do no damage.
Your hands burn!
The jelly is almost dead.
The jelly closely misses you. The orc barely misses you.
You hit the jelly.
Your hands burn!
The jelly is almost dead.
The jelly hits you.
* * * LOW HITPOINT WARNING * * *
The acid corrodes you!
You are splashed with acid.
* * * LOW HITPOINT WARNING * * *
The orc barely misses you.
You hit the jelly but do no damage. The acid corrodes you!
Your hands burn!
* * * LOW HITPOINT WARNING * * *
The jelly is almost dead.
The jelly barely misses you. The orc misses you.
Unknown command.
You hit the jelly but do no damage.
Your hands burn!
* * * LOW HITPOINT WARNING * * *
The jelly is almost dead.
The orc completely misses you. The jelly barely misses you.
You hit the jelly but do no damage.
Your hands burn!
* * * LOW HITPOINT WARNING * * *
The jelly is almost dead.
The jelly closely misses you. The orc barely misses you.
You hit the jelly.
You kill the jelly!
You feel better.
The orc hits you from afar with a +1 vorpal halberd!
* * * LOW HITPOINT WARNING * * *
x2 The orc closely misses you.
You closely miss the orc.
The orc hits you with a +1 vorpal halberd!
* * * LOW HITPOINT WARNING * * *
x2 You closely miss the orc.
The orc hits you with a +1 vorpal halberd!
* * * LOW HITPOINT WARNING * * *
You die...

#.# ######..#
#†# #... #†#
##.# #####
#####.# #.#
##....##.....#
#.#
##......####..#
..#
.........###..#
###
#........')...#
#........o@...#
#....$...###...#
##......## #.#.#
##..).## ..#.#
##### .##.# .
.#.
#.#.##########
#.#.#8........
### #
#.#.#......#


You could see an orc.

Vanquished Creatures
  A water moccasin (D:6)
  2 black bears (D:5)
  7 scorpions
  Blork the orc (D:4)
  A bullfrog (D:6)
  A jelly (D:6)
  A howler monkey (D:6)
  2 hounds (D:5)
  An orc priest (D:6)
  3 iguanas
  Robin (D:4)
  3 gnolls (D:3)
  5 adders
  A white imp (D:5)
  2 worms (D:3)
  4 dart slugs
  4 orcs
  2 ball pythons
  6 endoplasms
  A giant cockroach (D:3)
  13 goblins
  7 hobgoblins
  4 jackals (D:3)
  2 quokkas
  4 bats
  2 frilled lizards (D:2)
  4 kobolds
  2 rats (D:2)
87 creatures vanquished.

Notes
Turn   | Place    | Note
-------+----------+-------------------------------------------
     0 | D:1      | Strat the Ghoul Gladiator began the quest for the Orb.
     0 | D:1      | Reached XP level 1. HP: 17/17 MP: 0/0
   326 | D:1      | Reached skill level 3 in Maces & Flails
   335 | D:1      | Reached XP level 2. HP: 23/24 MP: 1/1
   345 | D:1      | Found a faded altar of an unknown god.
   912 | D:2      | Reached XP level 3. HP: 29/29 MP: 2/2
  1340 | D:2      | Reached skill level 4 in Maces & Flails
  1756 | D:3      | Reached XP level 4. HP: 36/36 MP: 3/3
  1764 | D:3      | Found a stormy altar of Qazlal.
  1996 | D:3      | Got the Handbook of Dusty Conjuration
  2057 | D:3      | Reached skill level 5 in Maces & Flails
  2057 | D:3      | Reached XP level 5. HP: 20/41 MP: 4/4
  2411 | D:4      | Found a sparkling altar of Nemelex Xobeh.
  2505 | D:4      | Noticed Robin
  2540 | D:4      | Killed Robin
  2660 | D:4      | Noticed Blork the orc
  2674 | D:4      | Killed Blork the orc
  2936 | D:4      | Reached XP level 6. HP: 51/52 MP: 5/5
  3057 | D:4      | Found Gude's Armour Boutique.
  3400 | D:4      | Found an ancient bone altar of Kikubaaqudgha.
  3400 | D:4      | Found a radiant altar of Vehumet.
  3737 | D:5      | Entered Level 5 of the Dungeon
  3797 | D:5      | Reached skill level 6 in Maces & Flails
  3844 | D:5      | Found a staircase to the Ecumenical Temple.
  3857 | Temple   | Entered the Ecumenical Temple
  3917 | Temple   | Became a worshipper of Ru the Awakened
  4310 | D:5      | Noticed a black bear
  4337 | D:5      | Killed a black bear
  4338 | D:5      | Reached XP level 7. HP: 30/59 MP: 6/6
  4720 | D:5      | Reached skill level 7 in Maces & Flails
  5271 | D:6      | Reached skill level 8 in Maces & Flails
  5271 | D:6      | Reached skill level 1 in Armour
  5271 | D:6      | Reached XP level 8. HP: 59/66 MP: 7/7
  5727 | D:6      | Found Fodinel's Antique Armour Emporium.
  6030 | D:6      | HP: 1/66 [orc/+1 vorpal halberd (8)]
  6030 | D:6      | Slain by an orc

Illustrated notes

Levels and vault maps discovered:
D:1:      lemuel_arrival_cross, layout_loops_ring,
          hellmonk_ecumenical_altar_lost_god, minivault_5
D:2:      layout_loops_corners
D:3:      layout_rooms, grunt_qazlal_clouds
D:4:      layout_basic, mainiacjoe_overflow_concentric_impassable,
          gammafunk_temple_overflow_wave, serial_shops, shop, uniq_robin,
          uniq_blork_the_orc
D:5:      layout_loops_ring, minmay_temple_entry_offerings, nicolae_sextant
D:6:      minmay_polygon_palace, layout_loops_ring, serial_shops,
          nicolae_stop_n_shop_1, uniq_eustachio
D:7:      layout_loops_ring, lightli_temple_of_fire,
          mainiacjoe_overflow_small_starburst, serial_shops,
          nicolae_shop_window_shopping
Temple:   jpeg_temple_island

Skill      XL: |  1  2  3  4  5  6  7  8 |
---------------+-------------------------+-----
Maces & Flails | 3 4 5 6 8 |  8.6
Fighting       | 3 4 |  4.0
Armour         | 1 2 |  2.9
Throwing       | |  1.7
Dodging        | |  2.6

Action                   |  1- 3 |  4- 6 |  7- 9 || total
-------------------------+-------+-------+-------++-------
Melee: Flail             |    92 |   184 |   117 ||   393
       Punch             |       |     1 |     1 ||     2
Throw: Throwing net      |       |       |     2 ||     2
Evoke: Wand              |       |     4 |       ||     4
  Use: Potion            |       |     1 |       ||     1
 Stab: Held in net/web   |       |       |     1 ||     1
Armor: Leather armour    |    52 |    84 |    48 ||   184
Dodge: Dodged            |    58 |   133 |    73 ||   264

Table legend: (Time is in decaauts)
 A = Elapsed time spent in this place.
 B = Non-inter-level travel time spent in this place.
 C = Inter-level travel time spent in this place.
 D = Time resting spent in this place.
 E = Time spent auto-exploring this place.
 F = Levels seen in this place.
 G = Mean time per level.
                   A        B        C        D        E       F      G
               +--------+--------+--------+--------+--------+-----+--------+
         Total |   6076 |   5813 |    263 |    734 |   4013 |   8 |  759.5 |
       Dungeon |   5988 |   5751 |    237 |    734 |   3990 |   7 |  855.4 |
        Temple |     87 |     61 |     26 |      0 |     23 |   1 |   87.0 |
               +--------+--------+--------+--------+--------+-----+--------+

Top non-repeatable levels by time:
     D:5: 1634 daAuts
     D:4: 1335 daAuts
     D:2: 989 daAuts
     D:1: 775 daAuts
     D:3: 678 daAuts
     D:6: 571 daAuts
  Temple: 87 daAuts
     D:7: 3 daAuts
